 Dungeon Crawl Stone Soup version 0.29-a0-468-ge57f7f99b4 (webtiles) character file.

Game seed: 17247970076431495663

1132 valliere the Cleaver (level 8, 0/58 HPs)
             Began as a Demonspawn Gladiator on May 22, 2022.
             Slain by xian's ghost (5 damage)
             ... on level 6 of the Dungeon.
             The game lasted 00:27:49 (5558 turns).

valliere the Cleaver (Demonspawn Gladiator)         Turns: 5558, Time: 00:27:50

Health: 0/58       AC: 10    Str: 17    XL:     8   Next: 13%
Magic:  8/8        EV:  7    Int:  9    God:
Gold:   22         SH:  4    Dex: 15    Spells: 7/7 levels left

rFire   . . .      SeeInvis +   a - +0 war axe
rCold   . . .      Faith    .   (no shield)
rNeg    . . .      Spirit   .   o - +0 chain mail
rPois   .          Reflect  .   (helmet restricted)
rElec   .          Harm     .   l - +0 cloak
rCorr   .          Rampage  .   (no gloves)
Will    .....                   G - +0 pair of boots
Stlth   ..........              (no amulet)
HPRegen 0.19/turn               I - ring of see invisible
MPRegen 0.11/turn               (no ring)

@: no status effects
A: horns 1, large bone plates 1, powered by death 1, spiny 1
a: no special abilities


You were on level 6 of the Dungeon.
You visited 1 branch of the dungeon, and saw 6 of its levels.

You collected 223 gold pieces.
You spent 201 gold pieces at shops.

Inventory:

Hand Weapons
 a - a +0 war axe (weapon)
 E - a +0 battleaxe
Missiles
 d - 3 throwing nets (quivered)
 e - a javelin
Armour
 b - a +0 leather armour
 j - a +0 ring mail
 l - a +0 cloak (worn)
 o - a +0 chain mail (worn)
 G - a +0 pair of boots (worn)
Jewellery
 I - a ring of see invisible (left hand)
Wands
 C - a wand of flame (13)
 D - a wand of acid (15)
 H - a wand of iceblast (9)
Scrolls
 c - a scroll of poison {unknown}
 g - 3 scrolls of magic mapping {unknown}
 h - a scroll of silence {unknown}
 i - a scroll of teleportation {unknown}
 k - 3 scrolls of blinking {unknown}
 m - a scroll of fog {unknown}
 n - 3 scrolls of noise {unknown}
 q - a scroll of brand weapon {unknown}
 t - a scroll of torment {unknown}
 u - a scroll of enchant weapon {unknown}
 w - 2 scrolls of summoning {unknown}
 y - 3 scrolls of identify {unknown}
 z - a scroll of enchant armour {unknown}
 A - a scroll of immolation {unknown}
 B - a scroll of amnesia {unknown}
 F - a scroll of fear {unknown}
Potions
 f - a potion of flight
 p - 3 potions of curing
 r - 2 potions of might {unknown}
 s - 2 potions of lignification {unknown}
 v - a potion of heal wounds {unknown}
 x - a potion of resistance {unknown}


   Skills:
 - Level 3.0 Fighting
 * Level 9.0 Axes
 - Level 1.7 Throwing
 - Level 2.6 Dodging


You had 7 spell levels left.
You didn't know any spells.
Your spell library was empty.

Dungeon Overview and Level Annotations

Branches:
Dungeon (6/15)
 Temple: D:4-7

Altars:
Makhleb
Wu Jian
Xom

Shops:
D:6 (

Annotations:
D:6 xian's ghost, novice DrCj


Innate Abilities, Weirdness & Mutations

You have a pair of small horns on your head.
You are partially covered in large bone plates. (SH +4)
You regenerate a little health from kills.
You are partially covered in sharp spines.


Message History

You are starting to lose your buoyancy.
* * * LOW HITPOINT WARNING * * *
You feel very sick.
Xian's ghost hits you but does no damage.
You are more poisoned.
You feel better.
Xian's ghost hits you but does no damage.
You hit xian's ghost but do no damage.
Xian's ghost is severely damaged.
Xian's ghost gestures wildly while chanting.
Xian's ghost blinks!
Xian's ghost is bathed in the radiant lights of Iskenderun.
Xian's ghost casts a spell at you. The magic dart hits you.
* * * LOW HITPOINT WARNING * * *
You float gracefully downwards.
Xian's ghost gestures wildly while chanting.
Xian's ghost blinks!
You barely miss xian's ghost.
Xian's ghost is severely damaged.
Xian's ghost gestures at you while chanting.
The magic dart hits you.
* * * LOW HITPOINT WARNING * * *
You hit xian's ghost.
Xian's ghost is severely damaged.
Xian's ghost mumbles some strange words.
Xian's ghost blinks!
Energy condenses in front of xian's ghost, but quickly dissipates.
There is a large open translucent door here.
You barely miss xian's ghost. Your headbutt misses xian's ghost.
Xian's ghost is severely damaged.
Xian's ghost casts a spell.
Xian's ghost blinks!
You barely miss xian's ghost.
Xian's ghost is severely damaged.
You block xian's ghost's attack.
You hit xian's ghost.
Xian's ghost is almost destroyed.
Xian's ghost hits you.
You die...

#.#.##.##.##...##.#
#.#.......##....#.#
#......#####....#.# #########
#.##.#)# .# ####### #......# .#
#.....#######.###
.###.........# #.##
..##...#.###.###W.###
......###.##.#..@...# ..##..#
#..#.#......#
..##..###..#####''###
#...#..#...# #.≈.≈...#
#..##....#.##..§§#..##
..#.###.##.##≈#§≈§..#
...###...#.###≈§§..#.#
....#.......####≈#≈###
#......##...###################


You could see xian's ghost.

Vanquished Creatures
  2 ogres
  2 centaurs (D:6)
  2 necrophages
  A scorpion (D:6)
  4 hounds
  2 jellies (D:4)
  An orc priest (D:4)
  5 iguanas
  4 orc wizards
  A hound skeleton (D:4)
  7 adders
  A shadow imp (D:6)
  2 worms (D:2)
  2 dart slugs
  13 orcs
  A bat (D:1)
  6 endoplasms
  4 giant cockroaches
  7 goblins
  7 hobgoblins
  7 jackals (D:4)
  4 quokkas
  5 ball pythons
  A frilled lizard (D:1)
  4 kobolds
  4 rats
99 creatures vanquished.

Notes
Turn   | Place    | Note
-------+----------+-------------------------------------------
     0 | D:1      | valliere the Demonspawn Gladiator began the quest for the
                  | Orb.
     0 | D:1      | Reached XP level 1. HP: 16/16 MP: 1/1
    29 | D:1      | Found a faded altar of an unknown god.
   266 | D:1      | Reached skill level 3 in Axes
   480 | D:1      | Gained mutation: You have a pair of small horns on your
                  | head. [demonic ancestry]
   480 | D:1      | Reached XP level 2. HP: 22/22 MP: 2/2
   784 | D:2      | Reached XP level 3. HP: 28/28 MP: 3/3
  1690 | D:3      | Reached skill level 4 in Axes
  1802 | D:3      | Gained mutation: You are partially covered in sharp spines.
                  | [demonic ancestry]
  1802 | D:3      | Reached XP level 4. HP: 34/34 MP: 4/4
  2323 | D:4      | Noticed an ogre
  2366 | D:4      | Killed an ogre
  2367 | D:4      | Reached skill level 5 in Axes
  2367 | D:4      | Reached XP level 5. HP: 21/41 MP: 5/5
  2932 | D:4      | Gained mutation: You are partially covered in large bone
                  | plates. (SH +4) [demonic ancestry]
  2932 | D:4      | Reached XP level 6. HP: 47/47 MP: 6/6
  2995 | D:4      | Found a burning altar of Makhleb.
  3005 | D:4      | Reached skill level 6 in Axes
  3576 | D:5      | Entered Level 5 of the Dungeon
  3597 | D:5      | Found an ornate altar of the Wu Jian Council.
  3665 | D:5      | HP: 1/47 [ogre/+0 giant spiked club (16)]
  3667 | D:5      | Reached skill level 7 in Axes
  3667 | D:5      | Gained mutation: You regenerate a little health from kills.
                  | [demonic ancestry]
  3667 | D:5      | Reached XP level 7. HP: 1/52 MP: 7/7
  4507 | D:6      | Found Repaphus's Antique Weapon Emporium.
  4560 | D:6      | Bought a battleaxe for 201 gold pieces
  4590 | D:6      | Reached skill level 8 in Axes
  4949 | D:6      | Found a shimmering altar of Xom.
  4956 | D:6      | Found a shimmering altar of Xom.
  4957 | D:6      | Found a shimmering altar of Xom.
  5117 | D:6      | Reached XP level 8. HP: 48/58 MP: 8/8
  5235 | D:6      | Found a large runed translucent door.
  5235 | D:6      | Found a large runed translucent door.
  5243 | D:6      | Reached skill level 9 in Axes
  5262 | D:6      | Noticed xian's ghost (novice DrCj)
  5528 | D:6      | HP: 2/58 [poisoned by xian's ghost]
  5537 | D:6      | HP: 2/58 [xian's ghost/magic dart (3)]
  5558 | D:6      | Slain by xian's ghost

Illustrated notes

Levels and vault maps discovered:
D:1:      evilmike_arrival_crescent, layout_basic, ebering_ecumenical_altar_rust
D:2:      layout_rooms, serial_rivers, chequers_serial_rivers_large_a,
          chequers_serial_rivers_micro_b, chequers_serial_rivers_micro_b,
          chequers_serial_rivers_small_b, chequers_serial_rivers_micro_a
D:3:      layout_basic, serial_glass, glass_columns_c, glass_columns_c,
          solitary_fountain
D:4:      layout_basic, makhleb_blood_cavern_becter
D:5:      layout_rooms, nicolae_wu_jian_wuxing_cycle
D:6:      hellmonk_destroyed_diamonds, layout_loops_cross, xom_redecorated,
          serial_shops, nicolae_shop_waterfront, ebering_ghost_disaster_area

Skill      XL: |  1  2  3  4  5  6  7  8 |
---------------+-------------------------+-----
Axes           | 3 4 5 7 8 9 |  9.0
Fighting       | 3 |  3.0
Throwing       | |  1.7
Dodging        | |  2.6

Action                   |  1- 3 |  4- 6 |  7- 9 || total
-------------------------+-------+-------+-------++-------
Melee: War axe           |    94 |    82 |    96 ||   272
       Headbutt          |    17 |    13 |    17 ||    47
       Punch             |       |     1 |     1 ||     2
  Use: Potion            |       |       |     4 ||     4
Armor: Ring mail         |     4 |       |       ||     4
       Leather armour    |     1 |       |       ||     1
       Chain mail        |    39 |    36 |    45 ||   120
Dodge: Dodged            |    38 |    27 |    22 ||    87
Block: Other             |       |     4 |    16 ||    20

Table legend: (Time is in decaauts)
 A = Elapsed time spent in this place.
 B = Non-inter-level travel time spent in this place.
 C = Inter-level travel time spent in this place.
 D = Time resting spent in this place.
 E = Time spent auto-exploring this place.
 F = Levels seen in this place.
 G = Mean time per level.
                   A        B        C        D        E       F      G
               +--------+--------+--------+--------+--------+-----+--------+
         Total |   5628 |   5508 |    120 |      0 |   4617 |   6 |  938.0 |
       Dungeon |   5628 |   5508 |    120 |      0 |   4617 |   6 |  938.0 |
               +--------+--------+--------+--------+--------+-----+--------+

Top non-repeatable levels by time:
     D:4: 1345 daAuts
     D:6: 1037 daAuts
     D:3: 1024 daAuts
     D:5: 953 daAuts
     D:1: 721 daAuts
     D:2: 544 daAuts
